 Dungeon Crawl Stone Soup version 0.28-a0-1518-gbe868bca14 (webtiles) character file.

Game seed: 9701818842600966982

447 buddhastalin the Slicer (level 7, -1/43 HPs)
             Began as a Kobold Fighter on Jan 16, 2022.
             Slain by Duvessa (6 damage)
             ... on level 4 of the Dungeon.
             The game lasted 00:12:42 (4979 turns).

buddhastalin the Slicer (Kobold Fighter)            Turns: 4979, Time: 00:12:43

Health: -1/43      AC:  7    Str: 20    XL:     7   Next: 24%
Magic:  7/7        EV: 11    Int: 11    God:
Gold:   153        SH:  5    Dex: 14    Spells: 6/6 levels left

rFire   . . .      SeeInvis .   a - +0 rapier
rCold   + . .      Faith    .   c - +0 buckler
rNeg    . . .      Spirit   .   b - +0 scale mail
rPois   .          Reflect  .   (no helmet)
rElec   .          Harm     .   (no cloak)
rCorr   .          Rampage  .   p - +0 pair of gloves
Will    .....                   (no boots)
Stlth   +.........              (no amulet)
HPRegen 0.14/turn               k - ring of protection from cold
MPRegen 0.10/turn               l - +6 ring of strength

@: mighty
A: small, no large weapons, nightstalker 3
a: no special abilities


You were on level 4 of the Dungeon.
You visited 1 branch of the dungeon, and saw 4 of its levels.
You also visited: Ossuary.

You collected 153 gold pieces.

Inventory:

Hand Weapons
 a - a +0 rapier (weapon)
Missiles
 m - 8 poisoned darts (quivered)
Armour
 b - a +0 scale mail (worn)
 c - a +0 buckler (worn)
 p - a +0 pair of gloves (worn)
Jewellery
 d - a ring of see invisible
 k - a ring of protection from cold (left hand)
 l - a +6 ring of strength (right hand)
 o - a +6 ring of strength
Scrolls
 e - a scroll of fog {unknown}
 f - 2 scrolls of magic mapping
 g - 2 scrolls of identify
 i - a scroll of teleportation {unknown}
 j - 2 scrolls of vulnerability {unknown}
 n - a scroll of enchant armour {unknown}
 r - a scroll of summoning {unknown}
Potions
 h - a potion of haste {unknown}
 q - 3 potions of brilliance
 t - a potion of flight {unknown}
 u - a potion of mutation {unknown}


   Skills:
 + Level 4.2 Fighting
 * Level 8.2 Short Blades
 - Level 2.4 Armour
 + Level 1.3 Dodging
 + Level 1.0 Stealth
 + Level 3.0 Shields


You had 6 spell levels left.
You didn't know any spells.
Your spell library contained the following spells:

 Spells                   Type           Power      Damage    Failure   Level
 Confusing Touch          Hex            0%         N/A       99%         3
 Yara's Violent Unravell  Hex/Tmut       0%         3d3       100%        5
 Enfeeble                 Hex            0%         N/A       100%        7


Dungeon Overview and Level Annotations

Branches:
Dungeon (4/15)            Ossuary (visited)
 Temple: D:4-7

Altars:
Uskayaw

Annotations:
D:4 Duvessa


Innate Abilities, Weirdness & Mutations

You are small and have problems with some larger weapons.
You are completely attuned to the shadows.


Message History

You closely miss Duvessa.
Duvessa goes berserk!
Duvessa hits you with a +0 short sword!
You hit Duvessa.
Duvessa is lightly wounded.
Duvessa closely misses you.
You puncture Duvessa!
Duvessa is moderately wounded.
Duvessa hits you but does no damage. Duvessa barely misses you.
You puncture Duvessa!
Duvessa is moderately wounded.
Duvessa hits you but does no damage.
You barely miss Duvessa.
Duvessa is moderately wounded.
Duvessa hits you with a +0 short sword!
* * * LOW HITPOINT WARNING * * *
You feel better. Duvessa closely misses you.
Duvessa hits you with a +0 short sword!
You feel very mighty all of a sudden. Duvessa hits you with a +0 short sword!
* * * LOW HITPOINT WARNING * * *
You feel better. Duvessa closely misses you. Duvessa misses you.
You puncture Duvessa!
Duvessa is heavily wounded.
You block Duvessa's attack.
You puncture Duvessa!
Duvessa is severely wounded.
You block Duvessa's attack.
You hit Duvessa.
Duvessa is severely wounded.
You block Duvessa's attack.
You hit Duvessa.
Duvessa is severely wounded.
Duvessa hits you with a +0 short sword.
* * * LOW HITPOINT WARNING * * *
Duvessa hits you with a +0 short sword.
* * * LOW HITPOINT WARNING * * *
You hit Duvessa.
Duvessa is almost dead.
Duvessa hits you with a +0 short sword.
You die...

*** **,** **,,.#*
**,,*..#* **,,**#..#*
**,,**,*#..##
******,,***+**#e)##
,,,,,,,*,,,,e..#@.####
,***,,***,,,..###....##
,,*,,**,**,,.*#.##....##
,,,,***+**#.###'###....#
*,,,,,,,,,.............#
*,******,*#######).....#
*,* *,* #.######
,,******,*****###.##
,,,,,,,,,,,,,......#


You could see Duvessa (berserk, fast).

Vanquished Creatures
  An elf zombie (Ossuary)
  A scorpion (D:3)
  Dowan (D:4)
  2 orc priests (D:3)
  A hound zombie (Ossuary)
  5 mummies
  4 adders
  An adder skeleton (D:4)
  2 adder zombies (Ossuary)
  A worm (D:2)
  A dart slug (D:1)
  6 orcs
  6 ball pythons
  3 endoplasms
  2 giant cockroaches (D:3)
  A gnoll zombie (Ossuary)
  2 hobgoblins
  3 jackals (D:2)
  5 kobolds
  2 quokkas
  5 bats
  4 frilled lizards
  9 goblins
  A goblin zombie (Ossuary)
  A hobgoblin zombie (Ossuary)
  A kobold zombie (Ossuary)
  2 orc zombies (Ossuary)
  7 rats
  2 rat zombies (Ossuary)
82 creatures vanquished.

Notes
Turn   | Place    | Note
-------+----------+-------------------------------------------
     0 | D:1      | buddhastalin the Kobold Fighter began the quest for the
                  | Orb.
     0 | D:1      | Reached XP level 1. HP: 14/14 MP: 1/1
   131 | D:1      | Reached XP level 2. HP: 19/19 MP: 2/2
   133 | D:1      | Reached skill level 3 in Short Blades
   616 | D:1      | Found a faded altar of an unknown god.
   860 | D:1      | Reached XP level 3. HP: 23/23 MP: 3/3
  1261 | D:2      | Reached skill level 4 in Short Blades
  1846 | D:2      | Found a hide-covered altar of Uskayaw.
  1868 | D:2      | Reached XP level 4. HP: 29/29 MP: 4/4
  2721 | D:3      | Noticed a scorpion
  2733 | D:3      | Killed a scorpion
  2734 | D:3      | Reached skill level 5 in Short Blades
  2734 | D:3      | Reached XP level 5. HP: 9/33 MP: 5/5
  3102 | D:3      | Reached skill level 6 in Short Blades
  3240 | D:3      | Reached skill level 1 in Dodging
  3240 | D:3      | Reached XP level 6. HP: 15/38 MP: 6/6
  3722 | D:4      | Found a sand-covered staircase.
  3736 | Ossuary  | Entered an ossuary
  3968 | Ossuary  | Reached skill level 7 in Short Blades
  4261 | Ossuary  | Reached skill level 1 in Stealth
  4503 | Ossuary  | Reached XP level 7. HP: 43/43 MP: 7/7
  4947 | D:4      | Noticed Dowan
  4966 | D:4      | Killed Dowan
  4966 | D:4      | Noticed Duvessa
  4967 | D:4      | Reached skill level 8 in Short Blades
  4979 | D:4      | Slain by Duvessa

Illustrated notes

Levels and vault maps discovered:
D:1:      dpeg_arrival_water_temple_mockup, layout_loops_ring,
          shapermc_ecumenical_altar_mp_vishouse, feat_on_display
D:2:      layout_basic, basic_altar
D:3:      layout_loops_ring, minmay_misc_feat_enclosed
D:4:      black_bear_nest_2, layout_loops_ring, nicolae_ossuary_entry_giza,
          minivault_5, grunt_ministairs_2, grunt_decor_resistance, uniq_duvessa

Skill      XL: |  1  2  3  4  5  6  7 |
---------------+----------------------+-----
Short Blades   | 3 4 5 6 7 8 |  8.2
Fighting       | 4 |  4.2
Dodging        | 1 |  1.3
Shields        | 3 |  3.0
Stealth        | 1 |  1.0
Armour         | |  2.4

Action                   |  1- 3 |  4- 6 |  7- 9 || total
-------------------------+-------+-------+-------++-------
Melee: Rapier            |   104 |   182 |    44 ||   330
  Use: Scroll            |       |     4 |       ||     4
       Potion            |       |     3 |     3 ||     6
 Stab: Sleeping          |       |     1 |       ||     1
Armor: Scale mail        |    32 |    49 |     2 ||    83
Dodge: Dodged            |    36 |    65 |    12 ||   113
Block: Buckler           |    22 |    31 |     7 ||    60

Table legend: (Time is in decaauts)
 A = Elapsed time spent in this place.
 B = Non-inter-level travel time spent in this place.
 C = Inter-level travel time spent in this place.
 D = Time resting spent in this place.
 E = Time spent auto-exploring this place.
 F = Levels seen in this place.
 G = Mean time per level.
                   A        B        C        D        E       F      G
               +--------+--------+--------+--------+--------+-----+--------+
         Total |   4975 |   4870 |    105 |   2073 |   1974 |   5 |  995.0 |
       Dungeon |   3784 |   3679 |    105 |   1178 |   1887 |   4 |  946.0 |
       Ossuary |   1191 |   1191 |      0 |    895 |     87 |   1 | 1191.0 |
               +--------+--------+--------+--------+--------+-----+--------+

Top non-repeatable levels by time:
     D:3: 1487 daAuts
 Ossuary: 1191 daAuts
     D:2: 1129 daAuts
     D:1: 977 daAuts
     D:4: 190 daAuts
